PCL
GRESHAM GOLD SOULS @ VANCOUVER VIPERS
08/18/2028
 
TOP OF THE 1ST
Gresham Gold Souls batting - Pitching for Vancouver Vipers : RHP Javier Toledo
Pitching: RHP Javier Toledo
Batting: RHB David Kerr 0-0: Ball
1-0: Called Strike
1-1: Ball
2-1: SINGLE (Groundball, 4MD)
Batting: LHB Bill Smith 0-0: Fly out, F8 (Flyball, 89M)
Batting: LHB Chance Santry 0-0: Called Strike
0-1: Called Strike
0-2: Ball
1-2: Foul Ball, location: 2F
1-2: Ball
2-2: Fly out, F5 (Popup, 5L)
Batting: LHB Nick Scott 0-0: Ball
1-0: Ball
2-0: Called Strike
2-1: Called Strike
2-2: Strikes out swinging
Top of the 1st over - 0 run(s), 1 hit(s), 0 error(s), 1 left on base; Gresham 0 - Vancouver 0
BOTTOM OF THE 1ST
Vancouver Vipers batting - Pitching for Gresham Gold Souls : RHP Paul Miller
Pitching: RHP Paul Miller
Batting: RHB Víctor Arredondo 0-0: Ball
1-0: Ball
2-0: Called Strike
2-1: Ball
3-1: Fly out, F9 (Flyball, 9S)
Batting: RHB Lorenzo González 0-0: Called Strike
0-1: Ball
1-1: Ball
2-1: SINGLE (Flyball, 78M)
Batting: LHB Benny Richard 0-0: Foul Ball, location: 2F
0-1: Ball
1-1: Ball
2-1: Swinging Strike
2-2: SINGLE (Flyball, 89S)
Lorenzo González to second
Batting: LHB Nick English 0-0: SINGLE (Line Drive, 89S)
Lorenzo González to third
Benny Richard to second
Runner from 3rd tries for Home, SAFE, throw made at trailing runner, OUT at third!
Batting: RHB Marvin Workman 0-0: Ball
1-0: Foul Ball, location: 2F
1-1: Ball
2-1: Ball
Nick English steals 2nd base
3-1: Ground out 5-3 (Groundball, 5L)
Bottom of the 1st over - 1 run(s), 3 hit(s), 0 error(s), 1 left on base; Gresham 0 - Vancouver 1
TOP OF THE 2ND
Gresham Gold Souls batting - Pitching for Vancouver Vipers : RHP Javier Toledo
Batting: LHB Millard Dye 0-0: Ball
1-0: Called Strike
1-1: Foul Ball, location: 2F
1-2: Ball
2-2: Ball
3-2: Strikes out looking
Batting: RHB Jack Snyder 0-0: Called Strike
0-1: Ball
1-1: Ball
2-1: Called Strike
2-2: Foul Ball, location: 2F
2-2: Ball
3-2: SINGLE (Groundball, 6MD)
Batting: LHB Jeff Douglas 0-0: Foul Ball, location: 2F
0-1: Ball
1-1: Ball
2-1: Foul Ball, location: 2F
2-2: Strikes out swinging
Batting: RHB Matt Davidson 0-0: Ball
1-0: Fly out, F7 (Flyball, 7)
Top of the 2nd over - 0 run(s), 1 hit(s), 0 error(s), 1 left on base; Gresham 0 - Vancouver 1
BOTTOM OF THE 2ND
Vancouver Vipers batting - Pitching for Gresham Gold Souls : RHP Paul Miller
Batting: RHB Quincy Vance 0-0: Ball
1-0: Called Strike
1-1: SINGLE (Line Drive, 8LS)
Batting: LHB Katsumi Morishita 0-0: Ball
1-0: Grounds into double play, 4-6-3 (Groundball, 4)
Batting: LHB Brian Ford 0-0: Ball
1-0: SINGLE (Groundball, 34S) (infield hit)
Batting: RHB David Canseco 0-0: Foul Ball, location: 2F
0-1: Ball
1-1: Foul Ball, location: 2F
1-2: Ball
2-2: Strikes out swinging
Bottom of the 2nd over - 0 run(s), 2 hit(s), 0 error(s), 1 left on base; Gresham 0 - Vancouver 1
TOP OF THE 3RD
Gresham Gold Souls batting - Pitching for Vancouver Vipers : RHP Javier Toledo
Batting: SHB Sean Carr 0-0: Ball
1-0: Ball
2-0: Ball
3-0: Called Strike
3-1: Swinging Strike
3-2: Base on Balls
Batting: RHB David Kerr 0-0: Swinging Strike
0-1: Fielders Choice at 2nd, 6-4 (Groundball, 6)
Batting: LHB Bill Smith 0-0: Called Strike
0-1: Foul Ball, location: 2F
0-2: Ball
1-2: Ball
2-2: Ball
3-2: Foul Ball, location: 2F
3-2: Fly out, F3 (Popup, 3L)
Batting: LHB Chance Santry 0-0: Ball
1-0: Ball
2-0: Foul Ball, location: 2F
2-1: Ball
3-1: Called Strike
3-2: Base on Balls
David Kerr to second
Batting: LHB Nick Scott 0-0: Ball
1-0: Called Strike
1-1: DOUBLE (Line Drive, 8RD)
David Kerr scores
Chance Santry to third
Batting: LHB Millard Dye 0-0: Ball
1-0: Foul Ball, location: 2F
1-1: Called Strike
1-2: SINGLE (Line Drive, 8LS)
Chance Santry scores
Nick Scott to third
Runner from 3rd tries for Home, SAFE, no throw
Batting: RHB Jack Snyder 0-0: Called Strike
0-1: Ball
1-1: Called Strike
1-2: Strikes out swinging
Top of the 3rd over - 3 run(s), 2 hit(s), 0 error(s), 1 left on base; Gresham 3 - Vancouver 1
BOTTOM OF THE 3RD
Vancouver Vipers batting - Pitching for Gresham Gold Souls : RHP Paul Miller
Batting: RHB Víctor Arredondo 0-0: Fly out, F7 (Flyball, 7S)
Batting: RHB Lorenzo González 0-0: Ball
1-0: Swinging Strike
1-1: Ball
2-1: Ball
3-1: Foul Ball, location: 2F
3-2: Base on Balls
Batting: LHB Benny Richard 0-0: Ball
1-0: Called Strike
1-1: Ball
2-1: Ball
3-1: Called Strike
3-2: Strikes out swinging
Lorenzo González is caught stealing 2nd base
Batter strikes out.
Bottom of the 3rd over - 0 run(s), 0 hit(s), 0 error(s), 0 left on base; Gresham 3 - Vancouver 1
TOP OF THE 4TH
Gresham Gold Souls batting - Pitching for Vancouver Vipers : RHP Javier Toledo
Batting: LHB Jeff Douglas 0-0: Called Strike
0-1: Called Strike
0-2: Ball
1-2: Strikes out looking
Batting: RHB Matt Davidson 0-0: Ball
1-0: Ball
2-0: Ground out 5-3 (Groundball, 56)
Batting: SHB Sean Carr 0-0: Called Strike
0-1: Foul Ball, location: 2F
0-2: SINGLE (Line Drive, 8LS)
Batting: RHB David Kerr 0-0: Ball
1-0: Called Strike
1-1: Ball
2-1: Called Strike
2-2: Strikes out looking
Top of the 4th over - 0 run(s), 1 hit(s), 0 error(s), 1 left on base; Gresham 3 - Vancouver 1
BOTTOM OF THE 4TH
Vancouver Vipers batting - Pitching for Gresham Gold Souls : RHP Paul Miller
Batting: LHB Nick English 0-0: Ball
1-0: Foul Ball, location: 2F
1-1: DOUBLE (Flyball, 7D)
Batting: RHB Marvin Workman 0-0: Ball
1-0: Ball
2-0: Ball
3-0: Called Strike
3-1: Ground out 3-1 (Groundball, 34)
Nick English to third
Batting: RHB Quincy Vance 0-0: Called Strike
0-1: Swinging Strike
0-2: Ground out 6-3 (Groundball, 6)
Nick English scores
Batting: LHB Katsumi Morishita 0-0: Ball
1-0: Foul Ball, location: 2F
1-1: Ball
2-1: Fly out, F7 (Flyball, 7D)
Bottom of the 4th over - 1 run(s), 1 hit(s), 0 error(s), 0 left on base; Gresham 3 - Vancouver 2
TOP OF THE 5TH
Gresham Gold Souls batting - Pitching for Vancouver Vipers : RHP Javier Toledo
Batting: LHB Bill Smith 0-0: Ball
1-0: Foul Ball, location: 2F
1-1: SINGLE (Line Drive, 6D)
Batting: LHB Chance Santry 0-0: Ball
1-0: Foul Ball, location: 2F
1-1: Ball
2-1: Foul Ball, location: 2F
2-2: DOUBLE (Groundball, 5L)
Bill Smith to third
Batting: LHB Nick Scott 0-0: Called Strike
0-1: Swinging Strike
0-2: Strikes out swinging
Batting: LHB Millard Dye 0-0: Foul Ball, location: 2F
0-1: Foul Ball, location: 2F
0-2: Strikes out swinging
Batting: RHB Jack Snyder 0-0: Called Strike
0-1: Ball
1-1: Swinging Strike
1-2: Strikes out looking
Top of the 5th over - 0 run(s), 2 hit(s), 0 error(s), 2 left on base; Gresham 3 - Vancouver 2
BOTTOM OF THE 5TH
Vancouver Vipers batting - Pitching for Gresham Gold Souls : RHP Paul Miller
Batting: LHB Brian Ford 0-0: Foul Ball, location: 2F
0-1: Swinging Strike
0-2: Foul Ball, location: 2F
0-2: SINGLE (Line Drive, 56)
Batting: RHB David Canseco 0-0: Ball
1-0: Foul Ball, location: 2F
1-1: Ball
2-1: Called Strike
2-2: Grounds into double play, 6-4-3 (Groundball, 6M)
Batting: RHB Víctor Arredondo 0-0: Foul Ball, location: 2F
0-1: Ball
1-1: Foul Ball, location: 2F
1-2: Fly out, F5 (Line Drive, 56)
Bottom of the 5th over - 0 run(s), 1 hit(s), 0 error(s), 0 left on base; Gresham 3 - Vancouver 2
TOP OF THE 6TH
Gresham Gold Souls batting - Pitching for Vancouver Vipers : RHP Javier Toledo
Pitching: LHP Cliff Williams
Batting: LHB Jeff Douglas 0-0: Called Strike
0-1: Ball
1-1: Ball
2-1: Swinging Strike
2-2: Ball
3-2: Ground out 4-3 (Groundball, 34)
Batting: RHB Matt Davidson 0-0: Called Strike
0-1: Ball
1-1: Swinging Strike
1-2: Ball
2-2: Reached on error, E4 (Groundball, 4M)
Batting: SHB Sean Carr 0-0: SINGLE (Line Drive, 89M)
Matt Davidson to third
Batting: RHB David Kerr 0-0: Called Strike
0-1: Grounds into double play, 4-6-3 (Groundball, 4)
Top of the 6th over - 0 run(s), 1 hit(s), 1 error(s), 1 left on base; Gresham 3 - Vancouver 2
BOTTOM OF THE 6TH
Vancouver Vipers batting - Pitching for Gresham Gold Souls : RHP Paul Miller
Batting: RHB Lorenzo González 0-0: Swinging Strike
0-1: Foul Ball, location: 2F
0-2: SINGLE (Flyball, 8LS)
Batting: LHB Benny Richard 0-0: Called Strike
0-1: SINGLE (Groundball, 6D)
Lorenzo González to second
Batting: LHB Nick English 0-0: Called Strike
0-1: Fielders Choice at 2nd, 3-6 (Groundball, 3)
Lorenzo González to third
Batting: RHB Marvin Workman 0-0: Ball
1-0: Fly out, F9 (Flyball, 9LSF)
Runner from 3rd tags up, SCORES, no throw
Batting: RHB Quincy Vance 0-0: Foul Ball, location: 2F
0-1: Called Strike
Nick English is caught stealing 2nd base
Bottom of the 6th over - 1 run(s), 2 hit(s), 0 error(s), 0 left on base; Gresham 3 - Vancouver 3
TOP OF THE 7TH
Gresham Gold Souls batting - Pitching for Vancouver Vipers : LHP Cliff Williams
Pinch Hitting: SHB Todd Smith 0-0: Foul Ball, location: 2F
0-1: Called Strike
0-2: Ball
1-2: Ball
2-2: Fly out, F6 (Popup, 6D)
Batting: LHB Chance Santry 0-0: Swinging Strike
0-1: Ball
1-1: Ball
2-1: SINGLE (Flyball, 5D)
Pinch Hitting: RHB Jim Villiers 0-0: Ball
1-0: Swinging Strike
1-1: Ball
2-1: Foul Ball, location: 2F
2-2: DOUBLE (Line Drive, 7LM)
Chance Santry to third
Pinch Hitting: RHB Willie Houk 0-0: Intentional Walk
Batting: RHB Jack Snyder 0-0: Foul Ball, location: 2F
0-1: Called Strike
0-2: Grounds into fielders choice 2-2 (Groundball, 15S)
Jim Villiers to third
Willie Houk to second
Pinch Hitting: RHB Gustavo Pagán 0-0: Foul Ball, location: 2F
0-1: Ball
1-1: Ball
2-1: Fly out, F6 (Line Drive, 6)
Top of the 7th over - 0 run(s), 2 hit(s), 0 error(s), 3 left on base; Gresham 3 - Vancouver 3
BOTTOM OF THE 7TH
Vancouver Vipers batting - Pitching for Gresham Gold Souls : RHP Paul Miller
Now at 3B: Willie Houk
Now in LF: Anthony Wells
Now in CF: Gustavo Pagán
Now in RF: Jim Villiers
Pinch Hitting: RHB Sergio Pujols 0-0: Ball
1-0: Called Strike
1-1: Ball
2-1: Fly out, F7 (Line Drive, 7)
Batting: LHB Katsumi Morishita 0-0: Called Strike
0-1: Swinging Strike
0-2: Strikes out looking
Pinch Hitting: LHB Mike Williams 0-0: Called Strike
0-1: Ground out 3-1 (Groundball, 34)
Bottom of the 7th over - 0 run(s), 0 hit(s), 0 error(s), 0 left on base; Gresham 3 - Vancouver 3
TOP OF THE 8TH
Gresham Gold Souls batting - Pitching for Vancouver Vipers : LHP Cliff Williams
Now at 2B: Clint Younger
Now in RF: Mike Williams
Batting: RHB Matt Davidson 0-0: Ball
1-0: Foul Ball, location: 2F
1-1: Swinging Strike
1-2: Ball
2-2: Fly out, F7 (Flyball, 7S)
Pitching: RHP Jesse Jones
Pinch Hitting: LHB Ezechiele Bruno 0-0: Swinging Strike
0-1: SINGLE (Line Drive, 56)
Pinch Hitting: LHB Jeff McKinney 0-0: Called Strike
0-1: Fly out, F9 (Line Drive, 9LD)
Pinch Hitting: SHB Jesús Sosa 0-0: Foul Ball, location: 2F
0-1: Ball
1-1: Swinging Strike
1-2: Foul Ball, location: 2F
1-2: Ball
2-2: Ball
3-2: Strikes out swinging
Top of the 8th over - 0 run(s), 1 hit(s), 0 error(s), 1 left on base; Gresham 3 - Vancouver 3
BOTTOM OF THE 8TH
Vancouver Vipers batting - Pitching for Gresham Gold Souls : RHP Paul Miller
Pitching: RHP Robbie O'Neil
Now at 2B: Augusto Baiano
Now at SS: Jesús Sosa
Now in LF: Ezechiele Bruno
Pinch Hitting: LHB Stan Bates 0-0: Ball
1-0: Swinging Strike
1-1: Foul Ball, location: 2F
1-2: Ball
2-2: Foul Ball, location: 2F
2-2: Strikes out looking
Batting: RHB Víctor Arredondo 0-0: Called Strike
0-1: Fly out, F9 (Flyball, 9)
Batting: RHB Lorenzo González 0-0: Ball
1-0: Ball
2-0: Ball
3-0: Base on Balls
Batting: LHB Benny Richard 0-0: Called Strike
0-1: Ball
1-1: Ground out 4-3 (Groundball, 34)
Bottom of the 8th over - 0 run(s), 0 hit(s), 0 error(s), 1 left on base; Gresham 3 - Vancouver 3
TOP OF THE 9TH
Gresham Gold Souls batting - Pitching for Vancouver Vipers : RHP Jesse Jones
Pitching: RHP Augusto Herrera
Now at SS: Axel Guimont
Batting: LHB Chance Santry 0-0: Called Strike
0-1: Ball
1-1: Swinging Strike
1-2: Strikes out swinging
Batting: RHB Jim Villiers 0-0: Called Strike
0-1: Ball
1-1: Foul Ball, location: 2F
1-2: Fly out, F7 (Flyball, 78S)
Batting: RHB Willie Houk 0-0: Ball
1-0: Ball
2-0: Called Strike
2-1: Ball
3-1: Base on Balls
Pinch Runner at 1st Jermaine Carter:
Batting: RHB Jack Snyder 0-0: Called Strike
0-1: Foul Ball, location: 2F
0-2: Foul Ball, location: 2F
0-2: Foul Ball, location: 2F
0-2: Ball
Passed Ball!
Jermaine Carter to second
1-2: Ball
2-2: Foul Ball, location: 2F
2-2: DOUBLE (Groundball, 5L)
Jermaine Carter scores
Batting: RHB Gustavo Pagán 0-0: Foul Ball, location: 2F
0-1: Ball
1-1: Swinging Strike
1-2: Strikes out looking
Top of the 9th over - 1 run(s), 1 hit(s), 0 error(s), 1 left on base; Gresham 4 - Vancouver 3
BOTTOM OF THE 9TH
Vancouver Vipers batting - Pitching for Gresham Gold Souls : RHP Robbie O'Neil
Pitching: RHP León Trevino
Now at 3B: Francis Shaffer
Batting: LHB Nick English 0-0: Ball
1-0: Foul Ball, location: 2F
1-1: Ground out 3-1 (Groundball, 34)
Batting: RHB Marvin Workman 0-0: Ground out 4-3 (Groundball, 4)
Pinch Hitting: RHB Walton Smith 0-0: Called Strike
0-1: Ball
1-1: Ball
2-1: Foul Ball, location: 2F
2-2: Ball
3-2: Foul Ball, location: 2F
3-2: Foul Ball, location: 2F
3-2: Foul Ball, location: 2F
3-2: Base on Balls
Pinch Runner at 1st Ryan Parrish:
Batting: LHB Katsumi Morishita 0-0: Ball
1-0: Swinging Strike
1-1: Foul Ball, location: 2F
1-2: Foul Ball, location: 2F
1-2: Fielders Choice at 2nd, 4-6 (Groundball, 34)
Bottom of the 9th over - 0 run(s), 0 hit(s), 0 error(s), 0 left on base; Gresham 4 - Vancouver 3
Tuesday, August 8th, 2017 - OOTP Baseball 17.12 Build 75